 Dungeon Crawl Stone Soup version 0.27-a0-1186-g8b4daa1eef (webtiles) character file.

Game seed: 7104272527978398211

6288 siradein the Spear-Bearer (level 10, -1/67 HPs)
             Began as a Demonspawn Gladiator on May 20, 2021.
             Was a Believer of Nemelex Xobeh.
             Slain by an orc knight
             ... wielding a +0 glaive
              (23 damage)
             ... in a bailey.
             The game lasted 00:38:59 (11463 turns).

siradein the Spear-Bearer (Demonspawn Gladiator)   Turns: 11463, Time: 00:38:59

Health: -1/67      AC:  9    Str: 24    XL:     10   Next: 63%
Magic:  10/10      EV: 16    Int:  9    God:    Nemelex Xobeh [**....]
Gold:   562        SH:  0    Dex: 15    Spells: 9/9 levels left

rFire    . . .     SeeInvis .   q - +2 halberd
rCold    . . .     Faith    .   (shield currently unavailable)
rNeg     + . .     Spirit   .   s - +2 robe {rN+}
rPois    .         Reflect  .   c - +0 helmet
rElec    .         Harm     .   (no cloak)
rCorr    .         Rampage  .   (no gloves)
Will     .....                  g - +0 pair of boots
Stlth    +.........             (no amulet)
HPRegen  0.21/turn              v - +6 ring of strength
MPRegen  0.12/turn              C - +4 ring of evasion

@: mighty, very slightly contaminated, invisible (expiring)
A: talons 2, slimy green scales 2, powered by death 1, spiny 2
a: Renounce Religion, Draw Escape, Draw Destruction, Draw Summoning


You were in a bailey.
You worshipped Nemelex Xobeh.
Nemelex Xobeh was pleased with you.
You visited 2 branches of the dungeon, and saw 10 of its levels.
You also visited: Ossuary and Bailey.

You collected 562 gold pieces.

Inventory:

Hand Weapons
 q - a +2 halberd (weapon)
Missiles
 d - a throwing net
 e - 3 atropa-tipped darts
 r - 63 poisoned darts (quivered)
 F - a curare-tipped dart
Armour
 c - a +0 helmet (worn)
 g - a +0 pair of boots (worn)
 s - a +2 robe of positive energy (worn)
Jewellery
 a - a ring of resist corrosion
 v - a +6 ring of strength (left hand)
 C - a +4 ring of evasion (right hand)
Wands
 u - a wand of digging (4)
 D - a wand of charming (8)
 E - a wand of iceblast (11)
Scrolls
 f - 6 scrolls of teleportation
 h - a scroll of enchant armour
 l - a scroll of acquirement {unknown}
 p - 2 scrolls of fear
 t - a scroll of magic mapping
 w - a scroll of torment {unknown}
 x - a scroll of brand weapon {unknown}
 y - a scroll of enchant weapon {unknown}
 A - 2 scrolls of immolation {unknown}
Potions
 b - 3 potions of mutation
 i - 4 potions of flight
 j - 12 potions of curing
 m - 2 potions of brilliance {unknown}
 n - 5 potions of heal wounds
 o - a potion of cancellation {unknown}
 z - a potion of invisibility
 B - a potion of lignification {unknown}
 G - a potion of berserk rage {unknown}


   Skills:
 - Level 2.0 Fighting
 + Level 14.4 Polearms
 - Level 1.7 Throwing
 - Level 2.6 Dodging


You had 9 spell levels left.
You didn't know any spells.
Your spell library was empty.

Dungeon Overview and Level Annotations

Branches:
Dungeon (9/15)             Temple (1/1) D:4         Ossuary (visited)
 Bailey (1/1)
   Lair: D:8-11         Orc: D:9-12

Altars:
Ashenzari
Cheibriados
Dithmenos
Elyvilon
Fedhas
Gozag
Hepliaklqana
Kikubaaqudgha
Makhleb
Nemelex Xobeh
Okawaru
Qazlal
Ru
Sif Muna
Trog
Uskayaw
Vehumet
Wu Jian
Xom
Yredelemnul
Zin
The Shining One

Shops:
D:5 (

Annotations:
D:4 2 transporters, gowby's ghost, novice BaIE


Innate Abilities, Weirdness & Mutations

You have razor-sharp toenails.
You are mostly covered in slimy green scales. (AC +3)
You regenerate a little health from kills.
You are mostly covered in sharp spines.


Message History

The orc warrior is severely wounded.
The orc warrior closely misses you. The orc knight misses you.
You barely miss the orc warrior.
The orc warrior is severely wounded.
The orc knight barely misses you. The orc knight closely misses you.
The orc knight hits you from afar with a +0 halberd!
* * * LOW HITPOINT WARNING * * *
Your surroundings suddenly seem different.
An orc knight comes into view. It is wielding a +0 glaive.
You hear a deep rumble.
The orc shouts!
There is a huge open gate here.
Found 2 scrolls of enchant armour.
Found three items.
Found a scroll of enchant armour.
An orc warrior comes into view. It is wielding a +0 trident.
The orc warrior shouts!
An orc knight comes into view. It is wielding a +0 glaive.
An orc knight comes into view. It is wielding a +0 halberd.
The orc shouts!
Found a gate leading back out of this place.
The orc knight shouts!
It was a potion of heal wounds.
You feel much better. The orc warrior completely misses you.
The orc knight roars a battlecry!
The orcs go into a battle-frenzy!
The orc closely misses you.
You flicker for a moment.
There is a huge open gate here.
Okay, then.
Aiming: Charm
Press: ? - help, Shift-Dir - straight line, f - orc knight
Aim: an orc knight, wielding a +0 glaive and wearing a +0 plate armour (strong, chance to affect: 28%)
The orc knight easily resists.
The orc knight roars a battlecry!
The orcs go into a battle-frenzy!
The orc knight hits you from afar with a +0 glaive!!
You die...
Your body disappears without a glow.

#.......#
#.......#
#.......#
#.....oo#
##....o##
#''''o#
##....o##
#.......#
#.....@.#
#.......#
#...)...#
#....)..#
##..)..##
##'))##
#.....#
#.)...#
#...).#


You could see 3 orc knights, an orc warrior (strong) and an orc (strong).

Vanquished Creatures
  A hornet (D:4)
  Grinder (D:3)
  Sigmund (D:3)
  A wyvern (D:8)
  2 wraiths (Ossuary)
  A steam dragon (D:8)
  An acid dragon (D:8)
  Duvessa (D:5)
  4 orc warriors (Bailey)
  3 ice beasts
  3 necrophages
  A black bear (D:7)
  2 centaurs
  5 ogres
  2 kobold brigands
  A phantom (D:6)
  3 bullfrogs
  A gnoll sergeant (D:5)
  3 scorpions
  Dowan (D:5)
  2 wyvern skeletons
  A water moccasin skeleton (D:7)
  19 killer bees
  7 wights
  2 howler monkeys (D:7)
  A bullfrog zombie (D:6)
  A bullfrog skeleton (D:4)
  A hound (D:5)
  A jelly (D:6)
  3 orc priests
  2 centaur skeletons
  7 orc wizards
  A scorpion zombie (D:5)
  A killer bee zombie (D:6)
  A mummy (D:5)
  8 gnolls
  6 adders
  3 ufetubi
  An adder skeleton (D:4)
  An adder zombie (Ossuary)
  5 worms
  2 dart slugs (D:1)
  50 orcs
  11 endoplasms
  6 giant cockroaches
  8 goblins
  7 hobgoblins
  8 jackals
  7 quokkas
  4 ball pythons
  A ball python skeleton (Ossuary)
  4 bats
  9 frilled lizards
  A goblin zombie (D:5)
  A hobgoblin zombie (Ossuary)
  8 kobolds
  3 kobold zombies
  2 orc skeletons (Ossuary)
  An orc zombie (Ossuary)
  5 rats
250 creatures vanquished.

Vanquished Creatures (collateral kills)
  An orc warrior (D:6)
  2 orcs (D:6)
3 creatures vanquished.

Vanquished Creatures (others)
  An orc knight (Bailey)
  An orc (Bailey)
2 creatures vanquished.

Grand Total: 255 creatures vanquished

Notes
Turn   | Place    | Note
-------+----------+-------------------------------------------
     0 | D:1      | siradein the Demonspawn Gladiator began the quest for the
                  | Orb.
     0 | D:1      | Reached XP level 1. HP: 16/16 MP: 1/1
     3 | D:1      | Noticed an electric eel
     4 | D:1      | Noticed an electric eel
    38 | D:1      | Reached skill level 3 in Polearms
   195 | D:1      | Gained mutation: You are partially covered in sharp spines.
                  | [demonic ancestry]
   195 | D:1      | Reached XP level 2. HP: 22/22 MP: 2/2
   577 | D:1      | Found a faded altar of an unknown god.
   838 | D:1      | Gained mutation: You are mostly covered in sharp spines.
                  | [demonic ancestry]
   838 | D:1      | Reached XP level 3. HP: 27/27 MP: 3/3
  1008 | D:2      | Reached skill level 4 in Polearms
  1471 | D:2      | Gained mutation: You are partially covered in slimy green
                  | scales. (AC +2) [demonic ancestry]
  1471 | D:2      | Reached XP level 4. HP: 33/33 MP: 4/4
  2103 | D:3      | Noticed Grinder
  2250 | D:3      | Paralysed by Grinder for 7 turns
  2260 | D:3      | Killed Grinder
  2261 | D:3      | Reached skill level 6 in Polearms
  2261 | D:3      | Reached XP level 5. HP: 30/38 MP: 5/5
  2261 | D:3      | Reached XP level 6. HP: 35/44 MP: 6/6
  2631 | D:3      | Noticed Sigmund
  3276 | D:4      | Found a staircase to the Ecumenical Temple.
  3287 | Temple   | Entered the Ecumenical Temple
  3627 | Temple   | Became a worshipper of Nemelex Xobeh the Trickster
  3836 | D:4      | Reached skill level 7 in Polearms
  3920 | D:4      | Found a transporter.
  3920 | D:4      | Noticed gowby's ghost (novice BaIE)
  4071 | D:4      | Gained mutation: You are mostly covered in slimy green
                  | scales. (AC +3) [demonic ancestry]
  4071 | D:4      | Reached XP level 7. HP: 28/50 MP: 7/7
  4274 | D:4      | Found a transporter.
  4376 | D:4      | Noticed a hornet
  4385 | D:4      | Paralysed by a hornet for 2 turns
  4391 | D:4      | Killed a hornet
  4392 | D:4      | Reached skill level 8 in Polearms
  4778 | D:5      | Entered Level 5 of the Dungeon
  4898 | D:5      | Found a sand-covered staircase.
  4906 | Ossuary  | Entered an ossuary
  4966 | Ossuary  | Reached * piety under Nemelex Xobeh
  5000 | Ossuary  | Reached skill level 9 in Polearms
  5000 | Ossuary  | Gained mutation: You have sharp toenails. [demonic
                  | ancestry]
  5000 | Ossuary  | Reached XP level 8. HP: 53/55 MP: 8/8
  5228 | Ossuary  | Noticed a flying skull
  5235 | Ossuary  | Noticed a flying skull
  5241 | Ossuary  | Noticed a flying skull
  5245 | Ossuary  | Noticed a flying skull
  5603 | Ossuary  | Noticed a flying skull
  5611 | Ossuary  | Reached skill level 10 in Polearms
  5721 | D:5      | Found Johagg's Antique Weapon Shoppe.
  6378 | D:5      | Noticed Dowan
  6379 | D:5      | Noticed Duvessa
  6574 | D:5      | Killed Duvessa
  6583 | D:5      | Killed Dowan
  6870 | D:6      | Reached skill level 11 in Polearms
  6870 | D:6      | Gained mutation: You regenerate a little health from kills.
                  | [demonic ancestry]
  6870 | D:6      | Reached XP level 9. HP: 61/61 MP: 9/9
  7221 | D:6      | Received a gift from Nemelex Xobeh
  7221 | D:6      | You fall into a shaft and drop 1 floor!
  7595 | D:6      | Noticed an angel
  7752 | D:6      | Reached skill level 12 in Polearms
  8743 | D:7      | Reached ** piety under Nemelex Xobeh
  9239 | D:3      | Killed Sigmund
  9240 | D:3      | Reached skill level 13 in Polearms
  9457 | D:7      | Gained mutation: You have razor-sharp toenails. [demonic
                  | ancestry]
  9457 | D:7      | Reached XP level 10. HP: 16/67 MP: 10/10
  9901 | D:8      | Found a stormy altar of Qazlal.
 10048 | D:8      | Found an iron altar of Okawaru.
 10163 | D:8      | Found a shimmering blue altar of Sif Muna.
 10897 | D:9      | Found a flagged portal.
 10941 | D:9      | Received a gift from Nemelex Xobeh
 10959 | Bailey   | Entered a bailey
 10978 | Bailey   | Reached skill level 14 in Polearms
 11394 | Bailey   | Noticed an orc knight
 11396 | Bailey   | Noticed an orc knight
 11412 | Bailey   | Killed an orc knight
 11442 | Bailey   | HP: 3/67 [orc knight/+0 halberd (12)]
 11443 | Bailey   | Noticed an orc knight
 11450 | Bailey   | Noticed an orc knight
 11450 | Bailey   | Noticed an orc knight
 11463 | Bailey   | Slain by an orc knight

Illustrated notes

Levels and vault maps discovered:
D:1:      arrival_aquarium_b, layout_loops_corners, basic_ecumenical_altar,
          minmay_pentomino_t2
D:2:      minmay_chambers_of_ones, layout_loops_ring, minivault_23,
          moated_statue, minmay_misc_feat_columns, minmay_tiny_reverse_x
D:3:      layout_basic, uniq_sigmund, uniq_grinder
D:4:      layout_loops_ring, minmay_temple_entry_gardened_gates,
          gammafunk_ghost_mausoleum
D:5:      layout_layer_cave, cheibrodos_sewer_entry_bend, serial_shops,
          nicolae_shop_crystal, nicolae_ossuary_entry_giza, uniq_duvessa
D:6:      layout_rooms, zin_angel, chequers_jeans, amcnicky_mini_pool_medium
D:7:      layout_loops_ring, nrook_campfire
D:8:      layout_rooms, lemuel_doored_altar, grunt_temple_overflow_open
D:9:      layout_loops_cross, enter_bailey_2, hangedman_fish_farm
Temple:   hc_temple_tempest_star
Bailey:   bailey_polearm_5, bailey

Skill      XL: |  1  2  3  4  5  6  7  8  9 10 |
---------------+-------------------------------+-----
Polearms       | 3 4 6 7 9 11 13 14 | 14.4
Fighting       | |  2.0
Throwing       | |  1.7
Dodging        | |  2.6

Action                   |  1- 3 |  4- 6 |  7- 9 | 10-12 || total
-------------------------+-------+-------+-------+-------++-------
Melee: Trident           |    90 |   124 |    95 |       ||   309
       Halberd           |       |       |   172 |   182 ||   354
Throw: Dart              |       |     3 |    12 |       ||    15
       Throwing net      |       |       |     3 |       ||     3
Invok: Draw Destruction  |       |       |     2 |     9 ||    11
       Draw Summoning    |       |       |     1 |       ||     1
       Draw Escape       |       |       |       |     2 ||     2
Evoke: Wand              |       |       |       |     2 ||     2
  Use: Scroll            |       |     2 |    14 |     1 ||    17
       Potion            |       |       |     1 |     4 ||     5
 Stab: Sleeping          |     2 |     2 |     5 |       ||     9
       Invisible         |       |       |     4 |       ||     4
       Distracted        |       |       |     1 |     1 ||     2
Armor: Leather armour    |     9 |    31 |       |       ||    40
       Robe              |       |       |    69 |    40 ||   109
Dodge: Dodged            |    32 |    33 |   129 |   165 ||   359

Table legend: (Time is in decaauts)
 A = Elapsed time spent in this place.
 B = Non-inter-level travel time spent in this place.
 C = Inter-level travel time spent in this place.
 D = Time resting spent in this place.
 E = Time spent auto-exploring this place.
 F = Levels seen in this place.
 G = Mean time per level.
                   A        B        C        D        E       F      G
               +--------+--------+--------+--------+--------+-----+--------+
         Total |  11449 |  10931 |    518 |    480 |   8308 |  12 |  954.1 |
       Dungeon |   9830 |   9340 |    490 |    432 |   7126 |   9 | 1092.2 |
        Temple |    352 |    325 |     27 |      0 |    313 |   1 |  352.0 |
       Ossuary |    777 |    777 |      0 |      0 |    598 |   1 |  777.0 |
        Bailey |    489 |    489 |      0 |     48 |    270 |   1 |  489.0 |
               +--------+--------+--------+--------+--------+-----+--------+

Top non-repeatable levels by time:
     D:5: 1497 daAuts
     D:4: 1422 daAuts
     D:2: 1224 daAuts
     D:6: 1212 daAuts
     D:3: 1192 daAuts
     D:7: 1165 daAuts
     D:8: 1045 daAuts
     D:1: 1008 daAuts
 Ossuary: 777 daAuts
  Bailey: 489 daAuts
  Temple: 352 daAuts
     D:9: 60 daAuts
